 Dungeon Crawl Stone Soup version 0.28.0-43-g3370ac3207 (webtiles) character file.

Game seed: 10047716248740190081

57 smarlow the Magician (level 4, 0/31 HPs)
             Began as a Djinni Fire Elementalist on Mar 9, 2022.
             Slain by an orc
             ... wielding a +0 war axe
              (10 damage)
             ... on level 3 of the Dungeon.
             The game lasted 00:03:17 (2526 turns).

smarlow the Magician (Djinni Fire Elementalist)     Turns: 2526, Time: 00:03:18

Health: 0/31       AC:  2    Str:  7    XL:     4   Next: 18%
Gold:   68         EV: 12    Int: 19    God:
                   SH:  0    Dex: 13

rFire   + + .      SeeInvis .   (no weapon)
rCold   x . .      Faith    .   (no shield)
rNeg    . . .      Spirit   .   a - +0 robe
rPois   ∞          Reflect  .   (no helmet)
rElec   .          Harm     .   (no cloak)
rCorr   .          Rampage  .   (no gloves)
Will    .....                   (boots unavailable)
Stlth   ++........              (no amulet)
HPRegen 0.10/turn               (no ring)
MPRegen 0.00/turn               (no ring)

@: flying, very slightly contaminated
A: sickness immunity, fire resistance 2, cold vulnerability 1, float, innate
caster, HP casting, extra vitality 1
a: no special abilities


You were on level 3 of the Dungeon.
You visited 1 branch of the dungeon, and saw 3 of its levels.

You collected 68 gold pieces.

Inventory:

Armour
 a - a +0 robe (worn)
Scrolls
 c - a scroll of immolation {unknown}
 h - 2 scrolls of teleportation {unknown}
Potions
 b - a potion of curing {unknown}
 d - 2 potions of degeneration {unknown}
 e - a potion of might {unknown}
 f - a potion of flight {unknown}
 g - a potion of lignification {unknown}


   Skills:
 + Level 3.0 Dodging
 + Level 2.3 Stealth
 * Level 3.0 Spellcasting


You couldn't memorise any spells.
You knew the following spells:

 Your Spells              Type           Power      Damage    Failure   Level
a - Foxfire               Conj/Fire      56%        2x1d6     4%          1
b - Scorch                Fire           28%        2d6       6%          2
c - Conjure Flame         Conj/Fire      14%        6-21      13%         3
d - Inner Flame           Hex/Fire       14%        N/A       13%         3
e - Flame Wave            Conj/Fire      14%        2d6       38%         4
f - Sandblast             Erth           28%        2d8       4%          1
Your spell library was empty.

Dungeon Overview and Level Annotations

Branches:
Dungeon (3/15)

Altars:


Innate Abilities, Weirdness & Mutations

You are immune to sickness and miasma.
You are immune to poison.
Your flesh is very heat resistant. (rF++)
You are vulnerable to cold. (rC-)
You float through the air rather than walking.
You learn spells naturally, not from books.
Your magical power is your life essence.
You have superior vitality. (+4 MHP)


Message History

The orc shouts! x3; The orc priest shouts!
A bat comes into view.
There are monsters nearby!
You conjure some foxfire!
Casting: Foxfire (safe; 4% risk of failure)
Confirm with . or Enter, or press ? or * to list all spells.
Flames lash the orc.
The orc is severely wounded.
The orc's fire resistance burns away.
The foxfire hits the orc priest.
The orc priest is lightly wounded.
You conjure some foxfire!
The bat hits you but does no damage.
The foxfire hits the orc.
The orc is burned terribly!
You kill the orc!
Casting: Foxfire (safe; 4% risk of failure)
Confirm with . or Enter, or press ? or * to list all spells.
Flames lash the bat.
You kill the bat!
The orc hits you but does no damage.
The orc priest hits you but does no damage.
Casting: Scorch (safe; 6% risk of failure)
Confirm with . or Enter, or press ? or * to list all spells.
Flames lash the orc.
The orc is moderately wounded.
The orc's fire resistance burns away.
The orc hits you with a +0 war axe!
The orc priest looks encouraged for a moment.
Your foxfire dissipates!
Casting: Scorch (safe; 6% risk of failure)
Confirm with . or Enter, or press ? or * to list all spells.
Flames lash the orc priest.
The orc priest is severely wounded.
The orc priest's fire resistance burns away.
The orc closely misses you.
Casting: Scorch (safe; 6% risk of failure)
Confirm with . or Enter, or press ? or * to list all spells.
You miscast Scorch.
You are very lightly contaminated with residual magic.
Nothing appears to happen.
The orc is no longer more vulnerable to fire.
The orc hits you with a +0 war axe!
You die...

..#####..## #.#
....#....## #.#
#.........## #†#
#...#.#....# #.#
##.#.......# #.#
#..........# #.#
#..........# #.#
...........# #.#
...........# #@#
..........## #o#
...#...........oo.......
......####..............
..###.. ...............
#. ... ...............
##++###........
#........ #........


You could see an orc priest (combustible) and 2 orcs.

Vanquished Creatures
  A gnoll (D:1)
  A dart slug (D:1)
  An orc (D:3)
  4 endoplasms
  2 giant cockroaches (D:2)
  3 goblins
  4 hobgoblins
  3 jackals (D:1)
  4 quokkas
  4 bats
  6 frilled lizards
  6 kobolds
  2 rats (D:1)
41 creatures vanquished.

Vanquished Creatures (others)
  107 foxfires
107 creatures vanquished.

Grand Total: 148 creatures vanquished

Notes
Turn   | Place    | Note
-------+----------+-------------------------------------------
     0 | D:1      | smarlow the Djinni Fire Elementalist began the quest for
                  | the Orb.
     0 | D:1      | Reached XP level 1. HP: 15/15 MP: 0/0
    31 | D:1      | Reached XP level 2. HP: 3/21 MP: 0/0
    46 | D:1      | HP: 1/21 [kobold/stone (2)]
    70 | D:1      | HP: 1/21 [kobold/stone (2)]
    98 | D:1      | Found a faded altar of an unknown god.
   118 | D:1      | HP: 1/21 [kobold/+0 dagger (2)]
   660 | D:1      | Reached XP level 3. HP: 22/25 MP: 0/0
   660 | D:1      | Learned a level 1 spell: Sandblast
  2042 | D:2      | Reached XP level 4. HP: 29/31 MP: 0/0
  2526 | D:3      | Slain by an orc

Illustrated notes

Levels and vault maps discovered:
D:1:      scummos_arrival_simple_crosswalls, layout_rooms,
          dreamdust_ecumenical_altar_statues, minmay_misc_feat_room
D:2:      layout_basic
D:3:      layout_rooms, corexii_leaking_fountain, hangedman_decor_lopped,
          kennysheep_generic_room_12

Skill      XL: |  1  2  3  4 |
---------------+-------------+-----
Stealth        | 2 |  2.3
Spellcasting   | 3 |  3.0
Dodging        | 3 |  3.0

Action                   |  1- 3 |  4- 6 || total
-------------------------+-------+-------++-------
Melee: Unarmed           |     3 |       ||     3
 Cast: Foxfire           |    59 |    11 ||    70
       Scorch            |     7 |     5 ||    12
Armor: Robe              |     5 |     3 ||     8
Dodge: Dodged            |    11 |     1 ||    12
